 Dungeon Crawl Stone Soup version 0.30-b1-2-g02819fbbbe (webtiles) character file.

Game seed: 17915794702661421156

14349 Anon1729 the Fighter (level 11, 0/101 HPs)
             Began as a Minotaur Monk on Aug 23, 2023.
             Was a Follower of Uskayaw.
             Slain by a yak (9 damage)
             ... on level 1 of the Lair of Beasts.
             The game lasted 00:10:23 (13902 turns).

Anon1729 the Fighter (Minotaur Monk)               Turns: 13902, Time: 00:10:24

Health: 0/101      AC:  8    Str: 17    XL:     11   Next: 87%
Magic:  15/25      EV: 16    Int:  7    God:    Uskayaw [*.....]
Gold:   512        SH:  0    Dex: 16    Spells: 10/10 levels left

rFire   . . .        F - +2 short sword (holy)
rCold   + . .        d - orb {light}
rNeg    . . .        p - +0 leather armour "Idghus" {Rampage rC+}
rPois   .            (helmet restricted)
rElec   .            y - +0 cloak
rCorr   .            S - +0 pair of gloves
SInv    .            A - +0 pair of boots
Will    +....        j - amulet of faith
Stlth   ++           g - ring of magical power
HPRegen 0.36/turn    c - ring of willpower
MPRegen 0.19/turn

%: rampage, faith
@: glowing
A: horns 2, retaliatory headbutt
a: Renounce Religion, Stomp


You were on level 1 of the Lair of Beasts.
You worshipped Uskayaw.
Uskayaw was aware of your devotion.
You visited 3 branches of the dungeon, and saw 14 of its levels.

You collected 911 gold pieces.
You spent 399 gold pieces at shops.

Inventory:

Hand Weapons
 a - a +0 short sword
 m - a +0 rapier
 F - a +2 short sword of holy wrath (weapon)
Missiles
 f - a throwing net
 B - 5 curare-tipped darts (quivered)
Armour
 d - an orb of light (worn)
 p - the +0 leather armour "Idghus" (worn) {Rampage rC+}
   (You took it off a hobgoblin on level 3 of the Dungeon)

   rC:        It protects you from cold.
   Rampage:   It bestows one free step when moving towards enemies.
 y - a +0 cloak (worn)
 A - a +0 pair of boots (worn)
 S - a +0 pair of gloves (worn)
Jewellery
 c - a ring of willpower (right hand)
 g - a ring of magical power (left hand)
 j - an amulet of faith (around neck)
 r - a ring of protection from fire
 M - an amulet of magic regeneration
 N - a ring of fire
 R - a ring of willpower
 U - a +6 ring of strength
 V - a +5 ring of evasion
Wands
 q - a wand of mindburst (21)
 x - a wand of flame (28)
 C - a wand of paralysis (7)
 H - a wand of polymorph (8)
 L - a wand of acid (4)
 O - a wand of iceblast (3)
Scrolls
 h - 2 scrolls of amnesia
 i - 2 scrolls of enchant armour
 k - a scroll of fog
 o - a scroll of magic mapping
 s - 6 scrolls of poison
 u - 3 scrolls of blinking
 w - 2 scrolls of silence
 I - a scroll of vulnerability {unknown}
 J - a scroll of fear {unknown}
 K - a scroll of teleportation {unknown}
 T - 2 scrolls of torment
 W - a scroll of identify
Potions
 b - a potion of haste
 e - a potion of magic {unknown}
 l - 3 potions of curing
 n - 3 potions of degeneration {unknown}
 t - a potion of berserk rage {unknown}
 v - 3 potions of attraction {unknown}
 z - a potion of brilliance {unknown}
 D - 2 potions of lignification {unknown}
 E - 6 potions of flight {unknown}
 G - 2 potions of mutation {unknown}
 P - 4 potions of heal wounds {unknown}
 Q - 2 potions of invisibility {unknown}


   Skills:
 + Level 10.3 Fighting
 + Level 9.3 Short Blades
 + Level 9.4 Armour
 + Level 9.3 Dodging
 + Level 7.1 Stealth
 + Level 8.0 Invocations


You had 10 spell levels left.
You didn't know any spells.
Your spell library contained the following spells:

 Spells                   Type           Power      Damage    Failure   Level
 Magic Dart               Conj           0%         1d3       47%         1
 Shock                    Conj/Air       0%         1d3       47%         1
 Call Imp                 Summ           0%         N/A       63%         2
 Lesser Beckoning         Tloc           0%         N/A       63%         2
 Gell's Gravitas          Tloc           0%         N/A       85%         3
 Mephitic Cloud           Conj/Pois/Air  0%         N/A       85%         3
 Swiftness                Air            0%         N/A       85%         3
 Teleport Other           Tloc           0%         N/A       85%         3
 Airstrike                Air            0%         2d(0-16)  99%         4


Dungeon Overview and Level Annotations

Branches:
Dungeon (13/15)            Temple (1/1) D:7            Lair (1/5) D:11
    Orc (0/2) D:11
 Vaults: D:13-14

Altars:
Ashenzari
Cheibriados
Dithmenos
Elyvilon
Fedhas
Gozag
Hepliaklqana
Kikubaaqudgha
Makhleb
Nemelex Xobeh
Okawaru
Qazlal
Ru
Sif Muna
Trog
Uskayaw
Vehumet
Xom
Yredelemnul
Zin
The Shining One

Shops:
D:3 (   D:5 *   D:12 ==:*

Annotations:
Temple 4 transporters


Innate Abilities, Weirdness & Mutations

You have a pair of horns on your head.
You reflexively headbutt those who attack you in melee.


Message History

You are too injured to fight recklessly!
You are too injured to fight recklessly!
You are too injured to fight recklessly!
You are too injured to fight recklessly!
You stomp with the beat, sending a shockwave through the revellers around you!
You kill the yak!
The yak is heavily wounded.
The blink frog blinks!
The yak gores you but does no damage.
The blink frog blinks!
The yak attacks as you move away! The yak gores you but does no damage.
The blink frog hits you!
The blink frog attacks as you move away!
The blink frog hits you. The blink frog completely misses you.
You closely miss the blink frog. Your headbutt misses the blink frog.
You puncture the blink frog!
The blink frog is moderately wounded.
The blink frog closely misses you.
The yak gores something!!
You barely miss the blink frog.
The blink frog is moderately wounded.
The blink frog blinks! x2
Aiming: Grand Finale
Press: ? - help, Shift-Dir - straight line, f - komodo dragon
Aim: a komodo dragon (translocational energy, haloed)
Okay, then.
The komodo dragon attacks as you move away!
The komodo dragon bites you!
* * * LOW HITPOINT WARNING * * *
Uskayaw links your audience in an emotional bond!
You hit the komodo dragon.
The komodo dragon is lightly wounded.
Okay, then.
Aiming: Grand Finale
Press: ? - help, Shift-Dir - straight line, f - komodo dragon
Aim: a komodo dragon (lightly wounded, sharing its pain, haloed)
The komodo dragon explodes violently!!!
You blow up the komodo dragon!
The blink frog hits something!
The yak gores you!
* * * LOW HITPOINT WARNING * * *
The yak gores you!
You die...

#..##....P#
..##.#
##.##.#..##
#...#.##.##
#......#..#
#...#....##
######.#..#
#P.#..#
##FY..##
#PF#@..#
###..Y###.#
#.?§.Y# #.#
#?†....#
#.#
#+.####...
... ..F
#...# ##.
§... ##.P
....# .
.##.


You could see 3 yaks and a blink frog (pain bonded).

Vanquished Creatures
  Nergalle (D:12)
  A cyclops (D:12)
  A black mamba (Lair:1)
  3 gargoyles (D:12)
  A komodo dragon (Lair:1)
  2 ice devils (D:12)
  3 trolls
  2 hornets (D:9)
  3 wraiths
  3 wyverns
  24 yaks
  2 vampires
  Eustachio (D:4)
  A basilisk (Lair:1)
  6 vampire mosquitoes
  Menkaure (D:4)
  5 water moccasins
  3 acid dragons
  A sky beast (D:5)
  An ice beast (D:5)
  5 black bears
  An orc warrior (D:11)
  5 centaurs
  A phantom (D:5)
  3 kobold brigands
  4 bullfrogs
  A scorpion (D:5)
  6 wights
  24 killer bees
  4 howler monkeys
  7 orc priests
  Crazy Yiuf (D:4)
  A gnoll bouda (D:9)
  2 sleepcaps
  A hound (D:4)
  5 orc wizards
  An iguana (D:4)
  Robin (D:4)
  11 gnolls
  8 adders
  A river rat (D:4)
  A shadow imp (D:3)
  An ufetubus (D:5)
  4 worms
  3 dart slugs
  41 orcs
  9 endoplasms
  3 giant cockroaches
  20 goblins
  8 hobgoblins
  7 jackals
  13 kobolds
  5 quokkas
  8 ball pythons
  4 bats
  4 frilled lizards
  7 rats
296 creatures vanquished.

Vanquished Creatures (others)
  A wizard (D:4)
  2 fungi (Lair:1)
3 creatures vanquished.

Grand Total: 299 creatures vanquished

Notes
Turn   | Place    | Note
-------+----------+-------------------------------------------
     0 | D:1      | Anon1729 the Minotaur Monk began the quest for the Orb.
     0 | D:1      | Reached XP level 1. HP: 19/19 MP: 0/0
   338 | D:1      | Reached XP level 2. HP: 18/27 MP: 1/1
   948 | D:2      | Reached skill level 1 in Armour
  1050 | D:2      | Reached skill level 1 in Invocations
  1050 | D:2      | Reached XP level 3. HP: 14/33 MP: 2/2
  1057 | D:1      | Reached skill level 4 in Fighting
  1429 | D:2      | Reached skill level 1 in Stealth
  1564 | D:2      | Reached XP level 4. HP: 35/40 MP: 3/3
  1977 | D:3      | Found Teduogeaz's Antique Weapon Emporium.
  2081 | D:3      | Identified the +0 leather armour "Idghus" {Rampage rC+}
  2262 | D:2      | Reached XP level 5. HP: 31/47 MP: 5/5
  2432 | D:3      | Found a hide-covered altar of Uskayaw.
  2606 | D:3      | Found a faded altar of an unknown god.
  2937 | D:3      | Became a worshipper of Uskayaw the Reveller
  2937 | D:3      | Reached * piety under Uskayaw
  2956 | D:4      | Noticed Menkaure
  2958 | D:4      | Noticed Robin
  2964 | D:4      | Reached ** piety under Uskayaw
  3118 | D:4      | Reached XP level 6. HP: 46/53 MP: 6/6
  3120 | D:4      | Reached *** piety under Uskayaw
  3121 | D:4      | Killed Menkaure
  3121 | D:4      | Reached **** piety under Uskayaw
  3122 | D:4      | Killed Robin
  3122 | D:4      | Reached ***** piety under Uskayaw
  3192 | D:4      | Found a bloodstained altar of Trog.
  3243 | D:4      | Reached skill level 5 in Fighting
  3278 | D:4      | Noticed Eustachio
  3301 | D:4      | Killed Eustachio
  3302 | D:4      | Reached XP level 7. HP: 12/61 MP: 8/8
  4085 | D:4      | Reached skill level 5 in Short Blades
  4153 | D:4      | Noticed a wizard
  4158 | D:4      | Killed a wizard
  4310 | D:4      | Reached skill level 5 in Dodging
  4413 | D:4      | Found a runed translucent door.
  4414 | D:4      | Noticed Crazy Yiuf
  4610 | D:4      | Killed Crazy Yiuf
  4715 | D:5      | Entered Level 5 of the Dungeon
  4805 | D:5      | Reached XP level 8. HP: 64/70 MP: 9/9
  4845 | D:5      | Reached skill level 6 in Fighting
  4925 | D:5      | Reached skill level 5 in Armour
  5038 | D:5      | Found Wimystryuh's Serpentskin Sales.
  5265 | D:5      | Bought a scroll of poison for 52 gold pieces
  5265 | D:5      | Bought 2 curare-tipped darts for 31 gold pieces
  5265 | D:5      | Bought 2 curare-tipped darts for 31 gold pieces
  5462 | D:5      | You fall into a shaft and drop 3 floors!
  5550 | D:8      | Reached XP level 9. HP: 32/78 MP: 11/11
  5819 | D:8      | Reached skill level 7 in Fighting
  6007 | D:8      | Reached skill level 5 in Invocations
  6476 | D:7      | Found a sacrificial altar of Ru.
  6939 | D:7      | Found a staircase to the Ecumenical Temple.
  6989 | Temple   | Entered the Ecumenical Temple
  6989 | Temple   | Found a transporter.
  6989 | Temple   | Found a transporter.
  6991 | Temple   | Found a transporter.
  6991 | Temple   | Found a transporter.
  7283 | D:9      | Reached skill level 5 in Stealth
  7543 | D:9      | Noticed a troll
  7560 | D:10     | Entered Level 10 of the Dungeon
  7770 | D:10     | Reached skill level 8 in Fighting
  7770 | D:10     | Reached XP level 10. HP: 49/88 MP: 13/13
  7775 | D:10     | Reached ****** piety under Uskayaw
  9692 | D:9      | Paralysed by a hornet for 3 turns
 10306 | D:11     | Found a staircase to the Lair.
 10315 | D:11     | Reached skill level 9 in Fighting
 10798 | D:11     | Reached XP level 11. HP: 47/97 MP: 15/15
 10944 | D:11     | Found a staircase to the Orcish Mines.
 11492 | D:12     | Found Serghiecw's Jewellery Emporium.
 11502 | D:12     | Found a shimmering altar of Xom.
 11844 | D:12     | Found Lomid's Jewellery Shoppe.
 11873 | D:12     | Identified the +0 hat of Ittavet {rC+ Str+2 Int+3}
 12535 | D:12     | Noticed Nergalle
 12554 | D:12     | Killed Nergalle
 12729 | D:12     | Found Cankelacoo's Assorted Antiques.
 12742 | D:12     | Bought a glowing silvery potion for 25 gold pieces
 12742 | D:12     | Bought a glowing yellow potion for 25 gold pieces
 12742 | D:12     | Bought a glowing cyan potion for 25 gold pieces
 12742 | D:12     | Bought a scroll of blinking for 210 gold pieces
 12821 | D:12     | Found Jubi Jae's Book Boutique.
 13013 | D:12     | Reached skill level 10 in Fighting
 13621 | Lair:1   | Entered Level 1 of the Lair of Beasts
 13902 | Lair:1   | Slain by a yak

Illustrated notes

Levels and vault maps discovered:
D:1:      mrwooster_arrival_statue, layout_basic
D:2:      layout_rooms
D:3:      layout_rooms, nicolae_uskayaw_dance_hall,
          hellmonk_ecumenical_altar_heavens_door, serial_shops, shop,
          minmay_goblin_kobold_house
D:4:      nicolae_cairo_tiling_large, layout_loops_ring, trog_wizard,
          portal_sewer_entry_b, nrook_campfire, minivault_19, uniq_menkaure,
          uniq_eustachio, uniq_robin, uniq_crazy_yiuf_cottage
D:5:      layout_rooms, chequers_serial_rivers_small_a, guppyfry_shop_venom
D:7:      layout_loops_ring, lemuel_tele_altar, temple_hall
D:8:      layout_rooms
D:9:      layout_irregular_city, dk_vineyard_1, kennysheep_just_a_vault
D:10:     layout_rooms, hive_lemuel
D:11:     layout_basic, david_lair_generic, hiddenorc1_lemuel
D:12:     layout_basic, serial_shops, nicolae_shop_tiny_waterfront,
          nicolae_inconvenience_store, shop, shop,
          portal_ice_cave_demonic_guard, xom_teletrap_fun, uniq_nergalle
D:13:     layout_cross, hangedman_vaults_entry_quadrant_bands, serial_shops,
          shop
Temple:   hellmonk_temple_divided_pantheon
Lair:1:   layout_loops_ring, lemuel_fruit_fields, grunt_megastairs_2

Skill      XL: |  1  2  3  4  5  6  7  8  9 10 11 |
---------------+----------------------------------+-----
Armour         | 1 2 3 4 5 6 8 9 |  9.4
Invocations    | 1 2 3 4 5 6 8 |  8.0
Fighting       | 4 5 6 8 9 10 | 10.3
Stealth        | 1 2 3 4 5 6 7 |  7.1
Short Blades   | 4 5 6 7 8 9 |  9.3
Dodging        | 4 5 6 7 8 9 |  9.3

Action                     |  1- 3 |  4- 6 |  7- 9 | 10-12 || total
---------------------------+-------+-------+-------+-------++-------
  Melee: Short sword       |    96 |    19 |   102 |   435 ||   652
         Headbutt          |    18 |    45 |    62 |   146 ||   271
         Rapier            |       |   122 |   145 |       ||   267
 Invoke: Stomp             |       |     1 |    10 |    17 ||    28
         Line Pass         |       |     1 |     2 |     5 ||     8
         Grand Finale      |       |       |       |     1 ||     1
    Use: Potion            |     2 |     1 |       |     1 ||     4
         Scroll            |       |       |       |     8 ||     8
   Stab: Paralysed         |       |     3 |    28 |    30 ||    61
         Confused          |       |     1 |       |     1 ||     2
         Sleeping          |       |       |     1 |     1 ||     2
 Armour: Robe              |    11 |     5 |       |       ||    16
         Leather armour    |       |    16 |    75 |    51 ||   142
  Dodge: Dodged            |    61 |    96 |   207 |   265 ||   629
